AoeStats
← [Legacy]Julio.01

Arena

510177957Analyzed
3v3 RM · 2d ago on Sep 29, 2026· 23m 43s· 6 players
Game mode
Random Map
Map size
Normal (6 player)
Population
200
Speed
Normal
Resources
Standard
Victory
Conquest
Starting age
Dark Age
Ending age
Imperial Age
RankedLock teamsTeams togetherTeam positionsShared explorationLock speedFull tech treeHidden civsTurbo modeCheats
Victory
Defeat
🇭🇺 Cumans · Hungary
1496
+10
🇵🇹 Malay · Portugal
1438
+12
🇨🇴 Khmer · Colombia
1295
+19
🇨🇴 Mongols · Colombia
1412
-16
🇨🇴 Malians · Colombia
1357
-14
🇨🇱 Goths · Chile
1295
-11
Solopetrosky
10:16 Feudal Age
14:39 Castle Age
13:38 Fletching
14:12 Loom
15:21 Scale Barding Armor
17:05 Wheelbarrow
[Legacy]Julio.01
10:29 Feudal Age
14:36 Castle Age
12:48 Double-Bit Axe
13:42 Horse Collar
15:33 Bow Saw
20:04 Scale Barding Armor
23:13 Fletching
Condorito
10:19 Feudal Age
14:16 Castle Age
13:26 Double-Bit Axe
16:20 Loom
17:56 Bow Saw
Bl++d
5:16 Loom
8:57 Feudal Age
10:25 Fletching
Vegeta
10:50 Feudal Age
10:55 Feudal Age
10:47 Loom
14:42 Castle Age
13:38 Double-Bit Axe
Jota
9:18 Loom
11:04 Feudal Age
14:59 Castle Age
13:35 Double-Bit Axe
13:32 Horse Collar
14:38 Bloodlines
18:51 Wheelbarrow
21:55 Bow Saw
22:12 Light Cavalry
23:06 Husbandry
Connection lost

Rejoining the realm…

Still unreachable

The connection could not be restored.

Session expired

The server has moved on; the page needs a fresh start.